 Dungeon Crawl Stone Soup version 0.19.0-9-gfd783f2 (webtiles) character file.

12505 dobroeutro the Markscentaur (level 11, -14/76 HPs)
             Began as a Centaur Hunter on Nov 7, 2016.
             Was a High Priest of Okawaru.
             Killed from afar by a lindwurm (37 damage)
             ... with a blast of flame
             ... on level 11 of the Dungeon.
             The game lasted 00:26:17 (12253 turns).

dobroeutro the Markscentaur (Centaur Hunter)       Turns: 12253, Time: 00:26:18

Health: -14/76     AC: 28    Str: 18      XL:     11   Next: 63%
Magic:  9/9        EV:  5    Int: 15 (16) God:    Okawaru [*****.]
Gold:   276        SH:  0    Dex: 10      Spells: 0 memorised, 10 levels left

rFire  . . .     SeeInvis .     R - +4 shortbow
rCold  + + .     Gourm    .     j - +5 chain mail of Sehit {Int+4}
rNeg   . . .     Faith    +     (shield currently unavailable)
rPois  .         Spirit   .     B - +1 helmet
rElec  .         Reflect  .     L - +2 cloak
rCorr  .         Harm     .     (no gloves)
MR     .....                    M - +2 centaur barding {rC+}
Stlth  ..........               C - amulet of faith
                                O - ring of protection from cold
                                u - +2 ring of protection

@: very quick
A: hooves 3, clever 1, deformed body, deterioration 1, speed 2, frail 1, low mp
1, mutation resistance 1, tough skin 3, wild magic 1
a: Heroism, Finesse, Renounce Religion


You were on level 11 of the Dungeon.
You worshipped Okawaru.
Okawaru was extremely pleased with you.
You were near starving.

You visited 1 branch of the dungeon, and saw 11 of its levels.

You collected 523 gold pieces.
You spent 247 gold pieces at shops.

Inventory:

Hand Weapons
 x - a +2 flail of protection
 J - a +1 flail of venom
 R - a +4 shortbow (weapon)
Missiles
 d - 166 arrows (quivered)
Armour
 a - a +0 hat of intelligence
 j - the +5 chain mail of Sehit (worn) {Int+4}
   (You bought it in a shop on level 7 of the Dungeon)

   It affects your intelligence (+4).
 B - a +1 helmet (worn)
 L - a +2 cloak (worn)
 M - a +2 centaur barding of cold resistance (worn)
Jewellery
 k - an uncursed ring of resist corrosion
 u - a +2 ring of protection (left hand)
 C - an amulet of faith (around neck)
 O - a ring of protection from cold (right hand)
Wands
 y - a wand of flame (21/48)
 N - a wand of iceblast (13/15)
 P - a wand of iceblast (2/15)
Scrolls
 l - 2 scrolls of enchant weapon
 m - 10 scrolls of identify
 r - 2 scrolls of magic mapping
 v - a scroll of blinking
 w - a scroll of immolation
 G - a scroll of recharging
 H - 3 scrolls of remove curse
 I - a scroll of teleportation {unknown}
 K - a scroll of fear
Potions
 c - a potion of curing
 e - 2 potions of cancellation
 g - 2 potions of haste {unknown}
 h - a potion of agility
 i - a potion of berserk rage {unknown}
 o - 3 potions of might
 p - 3 potions of flight {unknown}
 q - a potion of invisibility {unknown}
 s - 4 potions of heal wounds {unknown}
 t - a potion of brilliance
 E - a potion of degeneration {unknown}
 Q - 2 potions of lignification {unknown}
Comestibles
 b - a royal jelly
 f - 5 bread rations
 n - 8 meat rations
 z - 16 fruits
 A - 4 beef jerkies
 F - 9 slices of pizza


   Skills:
 + Level 4.8 Fighting
 - Level 7.0 Maces & Flails
 + Level 16.8 Bows
 + Level 5.2 Armour
 + Level 5.4 Dodging
 - Level 0.4 Stealth


You had 10 spell levels left.
You didn't know any spells.

Dungeon Overview and Level Annotations

Branches:
Dungeon (11/15)            Temple (0/1) D:4            Lair (0/6) D:11
    Orc (0/2) D:11

Altars:
Cheibriados
Elyvilon
Fedhas
Gozag
Okawaru
Sif Muna
Trog
Zin
The Shining One

Shops:
D:7 *[   D:9 :   D:11 [

Annotations:
D:8 exclusion: 2 oklob plants


Innate Abilities, Weirdness & Mutations

You have hooves in place of feet.
Armour fits poorly on your strangely shaped body.
You cover ground very quickly.
You have extremely tough skin. (AC +3)
Your mind is acute. (Int +2)
Your body sometimes deteriorates upon taking damage.
You are frail. (-10% HP)
Your magical capacity is low. (-10% MP)
You are somewhat resistant to further mutation.
Your spells are a little harder to cast, but a little more powerful.


Message History

The blast of flame hits you!
Your body deteriorates!
You feel dopey.
Firing (i - inventory):
d - 169 arrows (quivered)
Press: ? - help, Shift-Dir - straight line, f/p - lindwurm
Aim: a lindwurm (heavily wounded, catching its breath)
You shoot an arrow. The arrow hits the lindwurm!
The lindwurm is severely wounded.
Firing (i - inventory):
d - 168 arrows (quivered)
Press: ? - help, Shift-Dir - straight line, f/p - lindwurm
Aim: a lindwurm (severely wounded, catching its breath)
You shoot an arrow.
The arrow hits the lindwurm but does no damage.
The lindwurm is severely wounded.
Firing (i - inventory):
d - 167 arrows (quivered)
Press: ? - help, Shift-Dir - straight line, f/p - lindwurm
Aim: a lindwurm (severely wounded, catching its breath)
You shoot an arrow. The arrow barely misses the lindwurm.
The lindwurm breathes flames at you. The blast of flame hits you!
You die...

........>....§§§§§≈.##[:)?##.≈≈≈§
########+####.§≈≈≈≈(.#.$ .#.§§§§≈
#...........≈≈§≈≈((####..≈≈§§≈
#..........≈≈≈≈≈≈kk.##...≈≈≈≈§
#########'##...≈≈≈≈≈≈....§≈≈≈§≈.
##.............§≈≈≈≈≈§§§≈§≈≈§≈§§≈
.#..#.....##.#..§§≈≈≈≈≈§§≈≈≈≈§§..
.#..#.....##.#....≈≈≈≈≈§§≈≈≈≈≈...
.#...........##.@...≈≈≈≈≈≈≈≈§§...
'######.....##.#......§≈§........
......#.....#..#.................
.(....#.....#..+.............+...
()....#.....#..#........#....#...
####(##.....'..#........#....#...
#....########..#........#..>.#...
#.##.#.........#........#....#...
#.##.#.........#.....#..#....#...


You could see 2 lindwurms.

Vanquished Creatures
  The ghost of Philosophy the Quickloader, a journeyman CeHu of Okawaru (D:11)
  The ghost of Kite the Severer, a journeyman MiBe of Trog (D:11)
  2 hill giants (D:10)
  2 lindwurms (D:11)
  A manticore (D:11)
  Joseph (D:8)
  A two-headed ogre (D:8)
  A hornet (D:10)
  A wyvern (D:11)
  5 yaks
  A human (D:8)
  2 hogs (D:8)
  Grum (D:8)
  A hungry ghost (D:11)
  A mottled dragon (D:11)
  Edmund (D:4)
  Duvessa (D:4)
  7 orc warriors
  A black bear (D:8)
  2 ice beasts
  2 eyes of draining
  A sky beast (D:5)
  A necrophage (D:10)
  A phantom (D:6)
  4 ogres
  7 centaurs
  2 wolves (D:8)
  A crocodile (D:8)
  4 big kobolds
  8 bullfrogs
  Dowan (D:4)
  A wyvern skeleton (D:10)
  3 scorpions
  4 killer bees
  7 wights (D:9)
  3 electric eels (D:11)
  4 howler monkeys (D:11)
  A centaur zombie (D:6)
  7 crimson imps
  4 hounds
  9 orc priests
  A bullfrog skeleton (D:10)
  2 centaur skeletons
  12 orc wizards
  4 jellies
  5 iguanas
  Natasha (D:3)
  5 worker ants
  A hound zombie (D:6)
  2 hound skeletons
  A howler monkey zombie (D:10)
  A worker ant zombie (D:7)
  14 adders
  2 oozes
  An adder zombie (D:6)
  An adder skeleton (D:9)
  A worm (D:5)
  2 dart slugs
  8 leopard geckos
  45 orcs
  8 giant cockroaches
  4 goblins
  9 hobgoblins
  3 jackals (D:6)
  6 quokkas
  A ball python (D:1)
  7 bats
  9 frilled lizards
  25 kobolds
  A quokka skeleton (D:6)
  A quokka zombie (D:5)
  9 rats
301 creatures vanquished.

Notes
Turn   | Place    | Note
-------+----------+-------------------------------------------
     0 | D:1      | dobroeutro the Centaur Hunter began the quest for the Orb.
     0 | D:1      | Reached XP level 1. HP: 17/17 MP: 1/1
   306 | D:1      | Reached XP level 2. HP: 17/24 MP: 2/2
   395 | D:1      | Reached skill level 6 in Bows
   871 | D:1      | HP: 1/24 [goblin/club (1)]
  1330 | D:2      | Reached XP level 3. HP: 12/29 MP: 3/3
  1536 | D:2      | Reached skill level 7 in Bows
  1600 | D:2      | Found a glowing silver altar of Zin.
  1607 | D:2      | Found an iron altar of Okawaru.
  1754 | D:2      | Reached XP level 4. HP: 10/36 MP: 4/4
  1781 | D:2      | Became a worshipper of Warmaster Okawaru
  2134 | D:3      | Reached skill level 8 in Bows
  2156 | D:3      | Found a bloodstained altar of Trog.
  2288 | D:3      | Reached XP level 5. HP: 37/41 MP: 5/5
  2402 | D:3      | Noticed Natasha
  2412 | D:3      | Killed Natasha
  2490 | D:3      | Reached skill level 9 in Bows
  2576 | D:4      | Noticed Edmund
  2626 | D:4      | Reached * piety under Okawaru
  2914 | D:4      | Killed Edmund
  2914 | D:4      | Reached skill level 10 in Bows
  2914 | D:4      | Reached XP level 6. HP: 19/48 MP: 6/6
  3058 | D:4      | Found a staircase to the Ecumenical Temple.
  3209 | D:4      | Noticed Duvessa
  3222 | D:4      | Killed Duvessa
  3222 | D:4      | Reached skill level 1 in Maces & Flails
  3223 | D:4      | Noticed Dowan
  3235 | D:4      | Killed Dowan
  3235 | D:4      | Reached XP level 7. HP: 32/55 MP: 7/7
  3442 | D:5      | Entered Level 5 of the Dungeon
  3489 | D:5      | Reached skill level 11 in Bows
  3494 | D:5      | Reached ** piety under Okawaru
  3957 | D:5      | Found a snail-covered altar of Cheibriados.
  4111 | D:5      | Gained mutation: Your magical capacity is low. (-10% MP) [potion of mutation]
  4111 | D:5      | Gained mutation: Your spells are a little harder to cast, but a little more powerful. [potion of mutation]
  4111 | D:5      | Gained mutation: Your mind is acute. (Int +2) [potion of mutation]
  4116 | D:5      | Reached skill level 12 in Bows
  4116 | D:5      | Reached XP level 8. HP: 8/61 MP: 7/7
  4117 | D:5      | Found an opulent altar of Gozag.
  4527 | D:6      | Found a glowing golden altar of the Shining One.
  4537 | D:6      | Reached *** piety under Okawaru
  4554 | D:6      | Found a white marble altar of Elyvilon.
  4554 | D:6      | Found a deep blue altar of Sif Muna.
  4678 | D:6      | Reached skill level 13 in Bows
  5241 | D:6      | Received a gift from Okawaru
  5241 | D:6      | Reached skill level 14 in Bows
  5978 | D:7      | Found Nezxudag's Antique Armour Boutique.
  6013 | D:7      | Found Sitaopes's Assorted Antiques.
  6083 | D:7      | Reached **** piety under Okawaru
  6083 | D:7      | Reached XP level 9. HP: 24/67 MP: 8/8
  6607 | D:7      | Bought a heavily runed chain mail for 247 gold pieces
  6617 | D:7      | Identified the +5 chain mail of Sehit {Int+4} (You bought it in a shop on level 7 of the Dungeon)
  7449 | D:8      | Noticed Grum
  7462 | D:8      | Reached skill level 1 in Armour
  7469 | D:8      | Killed Grum
  7511 | D:8      | Reached skill level 15 in Bows
  7533 | D:8      | Reached ***** piety under Okawaru
  7541 | D:8      | Reached skill level 5 in Maces & Flails
  7644 | D:8      | Received a gift from Okawaru
  7652 | D:8      | Noticed Joseph
  7666 | D:8      | Killed Joseph
  7666 | D:8      | Received a gift from Okawaru
  7714 | D:8      | Found a blossoming altar of Fedhas.
  7717 | D:8      | Noticed an oklob plant
  7717 | D:8      | Noticed an oklob plant
  7862 | D:8      | Received a gift from Okawaru
  7934 | D:8      | Reached XP level 10. HP: 70/73 MP: 9/9
  8066 | D:8      | Received a gift from Okawaru
  8278 | D:9      | Found Ycuiviv's Book Shop.
  8994 | D:10     | Entered Level 10 of the Dungeon
  9164 | D:10     | Found a deep blue altar of Sif Muna.
  9166 | D:10     | Noticed a hill giant
  9192 | D:10     | Killed a hill giant
  9192 | D:10     | Reached skill level 16 in Bows
  9609 | D:10     | Noticed a hill giant
  9619 | D:10     | Killed a hill giant
  9619 | D:10     | Reached XP level 11. HP: 81/81 MP: 9/9
 10190 | D:11     | Received a gift from Okawaru
 10296 | D:11     | Reached ****** piety under Okawaru
 10396 | D:11     | Noticed Kite's ghost (journeyman MiBe)
 10482 | D:11     | Noticed Philosophy's ghost (journeyman CeHu)
 10900 | D:11     | Gained mutation: Your body sometimes deteriorates upon taking damage. [potion of mutation]
 10900 | D:11     | Gained mutation: You are frail. (-10% HP) [potion of mutation]
 10900 | D:11     | Gained mutation: You are somewhat resistant to further mutation. [potion of mutation]
 10928 | D:11     | Killed Philosophy's ghost
 10945 | D:11     | Reached skill level 5 in Dodging
 10965 | D:11     | Noticed a lindwurm
 11091 | D:11     | Noticed a lindwurm
 11100 | D:11     | Noticed a lindwurm
 11104 | D:11     | Killed a lindwurm
 11113 | D:11     | Noticed a lindwurm
 11464 | D:11     | Killed Kite's ghost
 11464 | D:11     | Reached skill level 5 in Armour
 11766 | D:11     | Found a staircase to the Lair.
 11772 | D:11     | Found Reulugon's Antique Armour Shoppe.
 11972 | D:11     | Found a staircase to the Orcish Mines.
 12247 | D:11     | Killed a lindwurm
 12253 | D:11     | Killed from afar by a lindwurm

Skill      XL: |  1  2  3  4  5  6  7  8  9 10 11 |
---------------+----------------------------------+-----
Bows           | 6 7 8 10 12 14 15 16 | 16.8
Maces & Flails | 1 3 5 7 |  7.0
Armour         | 2 4 5 |  5.2
Dodging        | 3 4 5 |  5.4
Fighting       | 4 |  4.8
Stealth        | |  0.4

Action                   |  1- 3 |  4- 6 |  7- 9 | 10-12 || total
-------------------------+-------+-------+-------+-------++-------
Melee: Short sword       |   134 |    56 |       |       ||   190
       Kick              |    20 |    17 |    55 |       ||    92
       Flail             |       |    15 |   229 |       ||   244
 Fire: Shortbow          |     8 |    99 |   347 |   720 ||  1174
Invok: Heroism           |       |       |     1 |     5 ||     6
Evoke: Wand              |       |       |       |     2 ||     2
  Use: Potion            |       |       |     6 |     2 ||     8
       Scroll            |       |       |    13 |       ||    13
  Eat: Chunk             |     2 |     3 |    10 |     7 ||    22
       Fruit             |       |       |       |     3 ||     3
Armor: Leather armour    |    87 |    44 |   164 |       ||   295
       Chain mail        |       |       |    53 |    92 ||   145
Dodge: Dodged            |   100 |    52 |   172 |    36 ||   360
